AoeStats
← [AirBo]一大包

Fortress

507510538Analyzed
4v4 RM · 12d ago on Sep 18, 2026· 47m 56s· 8 players
Game mode
Random Map
Map size
Huge
Population
200
Speed
Normal
Resources
Standard
Victory
Conquest
Starting age
Dark Age
Ending age
Imperial Age
RankedLock teamsTeams togetherTeam positionsShared explorationLock speedFull tech treeHidden civsTurbo modeCheats
Victory
Defeat
1830
+7
🇩🇪 Turks · Germany
1737
+11
🇩🇪 Lithuanians · Germany
1693
+12
🇲🇽 Burmese · Mexico
1613
+16
🇹🇼 Turks · Taiwan
1646
-13
🇹🇼 Teutons · Taiwan
1629
-12
🇹🇼 Britons · Taiwan
1600
-11
🇹🇼 Lithuanians · Taiwan
1569
-10
LM | kingofthrowing123
4:13 Double-Bit Axe
4:12 Horse Collar
8:14 Feudal Age
9:37 Bow Saw
12:31 Castle Age
12:10 Wheelbarrow
12:46 Gold Mining
17:13 Imperial Age
15:21 Heavy Plow
15:11 Loom
17:08 Gold Mining
19:01 Chemistry
18:36 Padded Archer Armor
33:54 Fortified Wall
36:15 Hand Cart
35:53 Town Watch
36:44 Gold Shaft Mining
36:29 Stone Mining
37:08 Scale Mail Armor
37:18 Forging
36:30 Pikeman
37:50 Squires
38:16 Chain Mail Armor
38:02 Halberdier
42:26 Plate Mail Armor
42:01 Caravan
43:00 Iron Casting
44:11 Coinage
45:42 Stone Shaft Mining
Rv
7:39 Feudal Age
11:19 Castle Age
9:29 Horse Collar
12:34 Heavy Plow
18:59 Wheelbarrow
20:21 Hand Cart
20:02 Gold Mining
20:26 Loom
21:22 Stone Mining
21:34 Town Watch
25:50 Imperial Age
23:26 Scale Barding Armor
24:07 Forging
24:50 Bloodlines
24:55 Husbandry
25:19 Chain Barding Armor
26:52 Iron Casting
25:51 Elite Battle Elephant
27:37 Plate Barding Armor
27:49 Devotion
27:13 Light Cavalry
29:21 Blast Furnace
28:01 Hussar
29:23 Coinage
30:21 Chemistry
29:42 Fletching
30:14 Ballistics
30:27 Siege Engineers
31:16 Banking
31:25 Conscription
31:02 Bodkin Arrow
31:38 Town Patrol
34:00 Faith
35:42 Bracer
37:35 Caravan
40:26 Guilds
45:34 Treadmill Crane
46:05 Masonry
46:22 Fortified Wall
Hanserino
6:20 Feudal Age
10:56 Castle Age
9:12 Double-Bit Axe
9:34 Horse Collar
12:39 Bow Saw
18:36 Loom
18:48 Stone Mining
18:48 Gold Mining
20:55 Wheelbarrow
20:33 Heavy Plow
21:09 Wheelbarrow
22:32 Hand Cart
26:35 Imperial Age
24:23 Scale Barding Armor
24:28 Forging
25:41 Chain Barding Armor
26:49 Iron Casting
26:58 Bloodlines
26:48 Husbandry
27:52 Plate Barding Armor
26:41 Elite Leitis
27:20 Town Watch
28:21 Conscription
31:10 Caravan
31:40 Coinage
32:31 Two-Man Saw
32:54 Masonry
32:35 Fletching
34:41 Banking
34:19 Bodkin Arrow
34:55 Architecture
35:02 Hoardings
34:48 Ballistics
36:15 Fortified Wall
37:05 Chemistry
36:16 Town Patrol
36:50 Bracer
44:13 Crop Rotation
LM | Samu
8:44 Feudal Age
9:36 Horse Collar
12:29 Castle Age
16:05 Imperial Age
16:00 Double-Bit Axe
21:35 Devotion
22:12 Loom
24:14 Padded Archer Armor
27:20 Conscription
31:32 Artillery
35:16 Wheelbarrow
38:07 Leather Archer Armor
39:52 Heavy Cavalry Archer
40:57 Parthian Tactics
41:16 Bow Saw
40:54 Town Watch
41:50 Ring Archer Armor
41:12 Fletching
42:53 Heavy Plow
43:17 Bodkin Arrow
43:47 Ballistics
44:09 Sipahi
45:04 Thumb Ring
45:11 Gold Mining
45:11 Stone Mining
46:00 Bombard Tower
45:51 Masonry
45:23 Treadmill Crane
45:55 Masonry
甜心包
9:14 Feudal Age
9:19 Feudal Age
10:32 Horse Collar
10:51 Double-Bit Axe
13:41 Castle Age
13:34 Loom
17:23 Imperial Age
16:18 Sanctity
16:37 Bow Saw
16:23 Gold Mining
17:35 Redemption
19:21 Theocracy
21:16 Fervor
22:38 Town Watch
23:32 Wheelbarrow
33:36 Hand Cart
35:32 Parthian Tactics
35:13 Thumb Ring
35:10 Fletching
35:20 Padded Archer Armor
36:04 Bodkin Arrow
36:28 Heavy Cavalry Archer
37:14 Bracer
37:30 Leather Archer Armor
38:57 Ballistics
40:33 Gold Shaft Mining
39:48 Stone Mining
40:30 Ring Archer Armor
40:13 Masonry
肉肉小狗
7:13 Feudal Age
11:07 Castle Age
9:00 Double-Bit Axe
9:22 Horse Collar
11:51 Husbandry
12:20 Bow Saw
16:07 Wheelbarrow
19:21 Heavy Plow
21:35 Hand Cart
22:28 Gold Mining
26:39 Imperial Age
24:33 Stone Mining
25:05 Loom
25:58 Stone Shaft Mining
25:56 Scale Barding Armor
26:20 Bloodlines
27:21 Chain Barding Armor
27:12 Forging
26:41 Cavalier
28:42 Plate Barding Armor
29:51 Elite Leitis
31:08 Iron Casting
32:09 Caravan
34:17 Conscription
34:28 Guilds
37:43 Fletching
[AirBo]出氣包
7:02 Feudal Age
10:56 Castle Age
9:29 Double-Bit Axe
11:54 Bow Saw
11:29 Horse Collar
18:47 Fletching
19:53 Bodkin Arrow
21:33 Loom
22:25 Wheelbarrow
24:14 Ballistics
30:39 Imperial Age
28:45 Murder Holes
33:44 Bracer
33:11 Crossbowman
34:39 Yeomen
35:29 Chemistry
36:24 Padded Archer Armor
36:22 Arbalester
39:33 Leather Archer Armor
40:12 Conscription
39:53 Warwolf
42:15 Guard Tower
42:11 Arrowslits
42:36 Masonry
44:57 Caravan
[AirBo]一大包
7:13 Feudal Age
11:05 Castle Age
9:13 Double-Bit Axe
9:54 Horse Collar
12:41 Bow Saw
14:40 Heavy Plow
17:37 Wheelbarrow
18:34 Gold Mining
23:21 Imperial Age
20:38 Loom
20:39 Town Watch
22:04 Forging
21:54 Scale Mail Armor
22:02 Squires
21:26 Pikeman
23:17 Hand Cart
23:41 Iron Casting
23:26 Halberdier
24:23 Chain Mail Armor
23:59 Onager
25:41 Chain Mail Armor
27:12 Plate Mail Armor
27:43 Blast Furnace
29:05 Two-Man Saw
28:12 Siege Onager
30:48 Fletching
32:05 Bodkin Arrow
32:35 Crenellations
32:35 Ironclad
32:36 Conscription
40:46 Caravan
42:46 Chemistry
42:06 Ballistics
41:57 Masonry
42:16 Siege Engineers
42:27 Masonry
42:37 Ballistics
Connection lost

Rejoining the realm…

Still unreachable

The connection could not be restored.

Session expired

The server has moved on; the page needs a fresh start.